 Dungeon Crawl Stone Soup version 0.17.1-1-g73c8601 (webtiles) character file.

170815 dorian the Ruinous (level 18, -4/96 HPs)
             Began as an Octopode Conjurer on Dec 10, 2015.
             Was the Champion of Vehumet.
             Slain by an emperor scorpion (8 damage)
             ... on level 3 of the Spider Nest on Dec 12, 2015.
             The game lasted 03:06:22 (47107 turns).

dorian the Ruinous (Octopode Conjurer)             Turns: 47107, Time: 03:06:23

Health: -4/96      AC:  2    Str:  8    XL:     18   Next: 0%
Magic:  36/55      EV: 18    Int: 35    God:    Vehumet [******]
Gold:   537        SH:  0    Dex: 12    Spells: 9 memorised, 6 levels left

rFire  + . .     SeeInvis +     E - +7 mace "Jedgh" {speed, rF+ MR+ Int+4}
rCold  + . .     Clarity  +     (no shield)
rNeg   . . .     SustAt   .     (helmet restricted)
rPois  +         Gourm    .     l - amulet of clarity
rElec  .         Spirit   .     p - ring of wizardry
rCorr  .         Warding  .     q - ring of poison resistance
rMut   .         Stasis   .     L - +4 ring of evasion
MR     ++...                    a - +4 ring of intelligence
Stlth  +++.......               W - ring of magical power
                                y - ring of protection from cold
                                R - ring of magical power
                                i - ring of see invisible

@: very slightly contaminated, invisible, very resistant to hostile
enchantments, fairly stealthy
A: almost no armour, amphibious, 8 rings, constrict 8, repulsion field 1, icy
blue scales 1, camouflage 1, clever 1, gelatinous body 1, evolution 1
a: Renounce Religion


You were on level 3 of the Spider Nest.
You worshipped Vehumet.
Vehumet was exalted by your worship.
You were not hungry.

You visited 6 branches of the dungeon, and saw 31 of its levels.

You collected 3297 gold pieces.
You spent 2760 gold pieces at shops.

Inventory:

Hand Weapons
 E - the +7 mace "Jedgh" (weapon) {speed, rF+ MR+ Int+4}
   (You found it on level 7 of the Dungeon)

   Attacks with this weapon are significantly faster.
   It affects your intelligence (+4).
   It protects you from fire.
   It affects your resistance to hostile enchantments.
Jewellery
 a - a +4 ring of intelligence (on tentacle)
 i - a ring of see invisible (on tentacle)
 l - an amulet of clarity (around mantle)
 p - a ring of wizardry (left tentacle)
 q - a ring of poison resistance (right tentacle)
 s - an uncursed ring of protection from cold
 w - an uncursed amulet of regeneration
 y - a ring of protection from cold (on tentacle)
 F - the ring of Rirogor {Fire *Confuse MR++ Dex+2 SInv}
   (You found it on level 7 of the Dungeon)

   [ring of fire]

   It enhances your fire magic, and weakens your ice magic.
   It affects your dexterity (+2).
   It protects you from fire.
   It makes you vulnerable to cold.
   It affects your resistance to hostile enchantments.
   It lets you see invisible.
   It may confuse you when you take damage.
 J - an uncursed ring of positive energy
 L - a +4 ring of evasion (on tentacle)
 R - a ring of magical power (on tentacle)
 W - a ring of magical power (on tentacle)
Wands
 h - a wand of paralysis (20)
 r - a wand of flame (24)
 u - a wand of draining (10)
 G - a wand of lightning (7)
 I - a wand of enslavement (13)
 K - a wand of slowing (25)
 Y - a wand of fire (6)
 Z - a wand of invisibility (3)
Scrolls
 d - 3 scrolls of enchant armour
 e - 5 scrolls of remove curse
 f - 4 scrolls of identify
 j - 2 scrolls of amnesia
 m - 6 scrolls of teleportation
 x - a scroll of fog
 S - a scroll of fear
 T - a scroll of summoning
 U - 2 scrolls of blinking
Potions
 c - 7 potions of curing
 k - 3 potions of heal wounds
 o - 3 potions of lignification
 t - 2 potions of flight
 v - a potion of berserk rage
 z - a potion of cancellation
 B - a potion of agility
 C - 2 potions of resistance
 H - 2 potions of brilliance
 O - 2 potions of haste
 P - 2 potions of magic
Miscellaneous
 A - a phantom mirror
 D - a disc of storms
Comestibles
 b - 14 bread rations
 g - a beef jerky


   Skills:
 - Level 2.0 Dodging
 - Level 2.6 Stealth
 + Level 15.1 Spellcasting
 * Level 21.5 Conjurations
 + Level 11.3 Fire Magic
 - Level 9.5 Ice Magic


You had 6 spell levels left.
You knew the following spells:

 Your Spells              Type           Power        Failure   Level  Hunger
a - Magic Dart            Conj           ####         0%          1    None
b - Searing Ray           Conj           ######       0%          2    None
c - Iskenderun's Battles  Conj/Chrm      #######.     1%          5    None
d - Iron Shot             Conj/Erth      #######...   1%          6    #......
e - Bolt of Fire          Conj/Fire      #######...   1%          6    #......
f - Freezing Cloud        Conj/Ice/Air   #######...   1%          6    #......
g - Fireball              Conj/Fire      #######...   1%          5    None
h - Condensation Shield   Ice            #######...   1%          4    None
i - Poisonous Cloud       Conj/Pois/Air  ######....   1%          6    #......


Dungeon Overview and Level Annotations

Branches:
Dungeon (12/15)            Temple (1/1) D:6            Lair (8/8) D:9
  Swamp (0/4) Lair:6       Spider (4/4) Lair:6        Slime (0/6) Lair:7
    Orc (4/4) D:12            Elf (2/3) Orc:4

Altars:
Ashenzari
Cheibriados
Dithmenos
Elyvilon
Fedhas
Gozag
Kikubaaqudgha
Makhleb
Nemelex Xobeh
Okawaru
Qazlal
Ru
Sif Muna
Trog
Vehumet
Xom
Yredelemnul
Zin
The Shining One
Beogh

Shops:
D:4 !   D:5 *   D:7 ?   Orc:3 %   Orc:4 %?==*

Annotations:
D:4 emiel's ghost, novice FoGl
Lair:4 exclusion: oklob plant
Elf:1 exclusion: orange crystal statue
Elf:2 3 runed doors


Innate Abilities, Weirdness & Mutations

You cannot wear most types of armour.
You are amphibious.
You can wear up to eight rings at the same time.
You can use your tentacles to constrict eight enemies at once.
Your skin changes colour to match your surroundings (Stealth).
Your rubbery body absorbs attacks (AC +1).
You are surrounded by a mild repulsion field (EV +2).
You are partially covered in icy blue scales (AC +1).
Your mind is acute. (Int +2)
You evolve.


Message History

There is a stone staircase leading down here.
Your icy shield starts to melt.
Casting: Bolt of Fire
Confirm with . or Enter, or press ? or * to list all spells.
Okay, then.
Drink which item? (? for menu, Esc to quit)
You fade into invisibility!
Your icy shield evaporates.
The emperor scorpion stings you!!
* * * LOW HITPOINT WARNING * * *
The emperor scorpion claws you.
* * * LOW HITPOINT WARNING * * *
The emperor scorpion claws you.
* * * LOW HITPOINT WARNING * * *
You are very lightly contaminated with residual magic.
The emperor scorpion stings you.
* * * LOW HITPOINT WARNING * * *
The emperor scorpion claws you!
* * * LOW HITPOINT WARNING * * *
The emperor scorpion claws you!
You die...

######..#....#..##.###.....#....#
##.....########.#....#..##..
*..#.###..#.#.^...##.†###.#.
##.#####.....#.#..##.#...##. ###
##...###.##.........#<.
#..#<....#.#.#.##.#...#
##..##.....#.^...#..###
#...s#.##...###...>..#
##..#@.#.#}...#)##....
####..#..#....##.#.#.#.##
#...>.##.#.#.##.#>.......
#...#........#..#.#.#..#.
#......#.#....#...#..##..
##.#.#..#..#..#..#.#.....
##.###...^.#...##..#...#
####...##..#....#......
#.#..#.#..#<....###.


You could see an emperor scorpion.

Vanquished Creatures
  Rupert (Orc:2)
  An orc warlord (Elf:2)
  Maud (Lair:3)
  A ghost moth (Spider:2)
  Aizul (Spider:1)
  A deep elf demonologist (Elf:1)
  A deep elf annihilator (Elf:2)
  Snorg (Orc:2)
  2 deep elf death magi
  Josephine (D:12)
  2 entropy weavers (Spider:1)
  Harold (Lair:4)
  A catoblepas (Lair:8)
  6 hydras
  Erica (D:8)
  4 dancing weapons (Elf:2)
  2 ogre magi (Orc:4)
  An orc high priest (Orc:2)
  6 death yaks
  A small abomination (Elf:2)
  Urug (D:10)
  A queen ant (Spider:2)
  9 deep elf knights
  2 deep trolls (Orc:4)
  An unseen horror (D:10)
  6 deep elf summoners
  4 hill giants
  12 orc knights
  2 hornets
  34 wolf spiders
  An orc sorcerer (Orc:4)
  20 orb spiders
  2 ugly things
  13 deep elf conjurers
  5 cyclopes
  A griffon (Lair:5)
  A manticore (shapeshifter) (Elf:1)
  2 moths of wrath
  The ghost of asdu the Carver, a novice TeBe of Trog (D:6)
  5 black mambas
  Maurice (D:12)
  16 spiny frogs
  A gargoyle (D:12)
  2 torpor snails
  An ice statue (D:10)
  17 elephants
  5 fire drakes
  5 komodo dragons
  10 demonic crawlers
  A spriggan druid (Lair:8)
  13 polar bears
  10 trolls
  8 deep elf priests
  28 jumping spiders
  9 two-headed ogres (Orc:4)
  16 deep elf magi
  4 wraiths (D:12)
  18 blink frogs
  22 tarantellas
  9 trapdoor spiders
  63 redbacks
  3 basilisks
  15 deep elf fighters
  52 yaks
  11 spriggans (Lair:8)
  37 wolves
  2 humans (D:7)
  3 hippogriffs
  3 wargs
  3 vampire mosquitoes (Lair:6)
  2 hungry ghosts
  14 water moccasins
  A mottled dragon (D:11)
  9 soldier ants
  7 porcupines
  2 sky beasts
  15 spiders
  4 wasps
  4 black bears
  An eye of draining (D:10)
  27 orc warriors
  2 necrophages
  2 phantoms
  3 ice beasts
  2 centaurs
  30 ogres
  25 crocodiles
  16 giant frogs
  A big kobold (D:7)
  A brain worm (D:9)
  3 scorpions
  6 killer bees (D:8)
  4 wights (D:9)
  2 electric eels
  A quasit (D:9)
  2 centaur zombies
  2 crimson imps
  3 giant frog zombies
  Crazy Yiuf (D:3)
  3 giant frog skeletons
  9 hounds
  12 iguanas
  16 jellies
  36 orc priests
  4 centaur skeletons
  7 hell rats (Lair:5)
  Terence (D:3)
  19 worker ants
  35 orc wizards
  19 sheep
  A hound skeleton (D:4)
  12 gnolls
  A worker ant zombie (D:8)
  11 adders
  63 river rats
  9 oozes
  2 adder skeletons
  2 worms (D:3)
  5 giant geckos
  253 orcs
  6 bats
  5 giant cockroaches
  7 hobgoblins
  6 jackals
  4 quokkas
  A ball python (D:1)
  5 giant newts
  8 goblins
  11 kobolds
  6 rats
  2 fungi (Lair:8)
  A plant (Lair:8)
1321 creatures vanquished.

Vanquished Creatures (others)
  A demonic crawler (Spider:1)
  A bush (Lair:3)
  23 fungi
  10 plants
35 creatures vanquished.

Grand Total: 1356 creatures vanquished

Notes
Turn   | Place    | Note
--------------------------------------------------------------
     0 | D:1      | dorian the Octopode Conjurer began the quest for the Orb.
     0 | D:1      | Reached XP level 1. HP: 11/11 MP: 3/3
   185 | D:1      | Reached XP level 2. HP: 12/17 MP: 1/5
   676 | D:2      | Reached XP level 3. HP: 21/21 MP: 1/6
   748 | D:2      | Found a faded altar to an unknown god.
   840 | D:2      | Learned a level 2 spell: Searing Ray
   843 | D:2      | Found a stormy altar of Qazlal.
   846 | D:2      | Found a snail-covered altar of Cheibriados.
   846 | D:2      | Found a bloodstained altar of Trog.
  1454 | D:3      | Reached skill level 5 in Conjurations
  1454 | D:3      | Reached XP level 4. HP: 27/27 MP: 3/8
  1457 | D:3      | Noticed Terence
  1710 | D:3      | Killed Terence
  2000 | D:3      | Noticed Crazy Yiuf
  2029 | D:3      | Killed Crazy Yiuf
  2029 | D:3      | Reached XP level 5. HP: 8/31 MP: 0/9
  2633 | D:3      | Learned a level 5 spell: Iskenderun's Battlesphere
  2646 | D:4      | Noticed emiel's ghost (novice FoGl)
  2735 | D:4      | Reached skill level 6 in Conjurations
  2735 | D:4      | Reached XP level 6. HP: 31/36 MP: 1/11
  2967 | D:4      | Noticed an ogre
  2975 | D:4      | Killed an ogre
  3030 | D:4      | Found Gydusyxi's Distillery.
  3338 | D:4      | Reached skill level 7 in Conjurations
  3395 | D:4      | Bought a potion of invisibility for 80 gold pieces
  3395 | D:4      | Bought a potion of curing for 30 gold pieces
  3395 | D:4      | Bought a potion of heal wounds for 50 gold pieces
  3395 | D:4      | Bought a potion of lignification for 30 gold pieces
  3435 | D:4      | Reached XP level 7. HP: 41/41 MP: 11/13
  3621 | D:5      | Entered Level 5 of the Dungeon
  4441 | D:5      | Found an opulent altar of Gozag.
  4747 | D:5      | Gained mutation: Your spells are a little easier to cast, but a little less powerful. [mutagenic meat]
  4748 | D:5      | Lost mutation: Your spells are a little easier to cast, but a little less powerful. [mutagenic meat]
  4754 | D:5      | Found Puivaces's General Store.
  4808 | D:5      | Reached skill level 8 in Conjurations
  5159 | D:6      | Noticed asdu's ghost (novice TeBe)
  5196 | D:6      | Found a glowing silver altar of Zin.
  5282 | D:6      | Reached skill level 5 in Spellcasting
  5282 | D:6      | Reached XP level 8. HP: 37/46 MP: 10/15
  5334 | D:5      | Learned a level 3 spell: Dazzling Spray
  5705 | D:6      | Gained mutation: You can breathe flames. [mutagenic meat]
  5706 | D:6      | Gained mutation: You are partially covered in icy blue scales (AC +1). [mutagenic meat]
  5707 | D:6      | Gained mutation: You are weak. (Str -2) [mutagenic meat]
  5739 | D:6      | Killed asdu's ghost
  5739 | D:6      | Reached skill level 9 in Conjurations
  5818 | D:6      | Found a staircase to the Ecumenical Temple.
  5833 | Temple   | Entered the Ecumenical Temple
  6159 | D:7      | Found an iron altar of Okawaru.
  6172 | D:7      | Reached skill level 10 in Conjurations
  6172 | D:7      | Reached XP level 9. HP: 39/51 MP: 10/18
  6483 | D:7      | Found Gifoch's Magic Scroll Shoppe.
  6488 | D:7      | Bought a scroll of blinking for 97 gold pieces
  6759 | D:7      | Reached skill level 11 in Conjurations
  6918 | D:7      | Found a bloodstained altar of Trog.
  7043 | D:7      | Got an encrusted mace
  7044 | D:7      | Identified the +7 mace "Jedgh" {speed, rF+ MR+ Int+4} (You found it on level 7 of the Dungeon)
  7079 | D:7      | Got a smoking ivory ring
  7080 | D:7      | Identified the ring of Rirogor {Fire *Confuse MR++ Dex+2 SInv} (You found it on level 7 of the Dungeon)
  7782 | D:8      | Noticed Erica
  7795 | D:8      | Killed Erica
  7795 | D:8      | Reached skill level 12 in Conjurations
  7795 | D:8      | Reached XP level 10. HP: 56/56 MP: 11/21
  8431 | D:8      | Found a blossoming altar of Fedhas.
  8556 | D:8      | Found a deep blue altar of Sif Muna.
  8863 | D:8      | Learned a level 6 spell: Bolt of Fire
  9502 | D:9      | Found a staircase to the Lair.
  9529 | D:9      | Found a radiant altar of Vehumet.
  9539 | D:9      | Became a worshipper of Vehumet
  9842 | D:9      | Reached skill level 13 in Conjurations
 10108 | Lair:1   | Entered Level 1 of the Lair of Beasts
 10420 | D:9      | Reached XP level 11. HP: 57/61 MP: 3/24
 11090 | Lair:1   | Reached skill level 14 in Conjurations
 11365 | Lair:1   | Reached * piety under Vehumet
 11365 | Lair:1   | Offered knowledge of Sting by Vehumet.
 12639 | Lair:2   | Reached skill level 10 in Spellcasting
 12822 | Lair:2   | Reached skill level 1 in Fire Magic
 13517 | Lair:2   | Offered knowledge of Throw Frost by Vehumet.
 13517 | Lair:2   | Reached skill level 15 in Conjurations
 13521 | Lair:2   | Reached XP level 12. HP: 66/66 MP: 9/26
 13553 | Lair:1   | Reached ** piety under Vehumet
 13990 | Lair:2   | Noticed a five-headed hydra
 14025 | Lair:2   | Killed a five-headed hydra
 15327 | Lair:2   | Noticed an eight-headed hydra
 15541 | Lair:2   | Killed an eight-headed hydra
 15617 | Lair:3   | Noticed Maud
 15787 | Lair:2   | Offered knowledge of Inner Flame by Vehumet.
 15998 | Lair:3   | Reached *** piety under Vehumet
 16618 | Lair:3   | Reached skill level 16 in Conjurations
 16618 | Lair:3   | Reached skill level 5 in Fire Magic
 16765 | Lair:3   | Offered knowledge of Sticky Flame by Vehumet.
 17373 | Lair:4   | Noticed a four-headed hydra
 17467 | Lair:3   | Killed Maud
 17467 | Lair:3   | Reached XP level 13. HP: 47/71 MP: 4/28
 18264 | Lair:3   | Reached **** piety under Vehumet
 18566 | Lair:4   | Noticed a five-headed hydra
 18640 | Lair:4   | Killed a four-headed hydra
 18793 | Lair:4   | Killed a five-headed hydra
 18793 | Lair:4   | Offered knowledge of Airstrike by Vehumet.
 19199 | Lair:4   | Noticed Harold
 19204 | Lair:4   | Killed Harold
 19469 | Lair:5   | Reached skill level 17 in Conjurations
 19792 | Lair:4   | Upgraded the game from 0.17.0-73-gb648821 to 0.17.1-1-g73c8601
 19976 | Lair:5   | Reached ***** piety under Vehumet
 20077 | Lair:5   | Offered knowledge of Freezing Cloud by Vehumet.
 20207 | Lair:5   | Learned a level 6 spell: Freezing Cloud
 20362 | Lair:5   | Reached skill level 1 in Ice Magic
 20436 | Lair:5   | Identified a -2 rod of shadows (9/9) (You found it on level 7 of the Dungeon)
 21911 | Lair:6   | Found a hole to the Spider Nest.
 21914 | Lair:6   | Reached XP level 14. HP: 76/76 MP: 27/30
 22079 | Lair:6   | Learned a level 5 spell: Fireball
 22405 | Lair:7   | Found a staircase to the Slime Pits.
 23184 | Lair:6   | Found a staircase to the Swamp.
 23457 | Lair:7   | Reached skill level 5 in Ice Magic
 23669 | Lair:8   | Entered Level 8 of the Lair of Beasts
 24151 | Lair:8   | Found a sacrificial altar of Ru.
 24159 | Lair:8   | Reached skill level 18 in Conjurations
 25029 | Lair:8   | Got a slimy long sword
 25031 | Lair:8   | Identified the +8 long sword "Pihaitis" {slice, +Inv Str-3 Int+6} (You found it on level 8 of the Lair of Beasts)
 26536 | D:7      | Bought a scroll of acquirement for 676 gold pieces
 26705 | D:10     | Entered Level 10 of the Dungeon
 26834 | D:10     | Offered knowledge of Bolt of Cold by Vehumet.
 26871 | D:10     | Noticed Urug
 26878 | D:10     | Killed Urug
 26878 | D:10     | Reached XP level 15. HP: 81/81 MP: 31/31
 28187 | D:11     | Gained mutation: One of your tentacles bears a spike. [mutagenic meat]
 28188 | D:11     | Gained mutation: Scrolls take you a little longer to read. [mutagenic meat]
 28189 | D:11     | Gained mutation: You are agile. (Dex +2) [mutagenic meat]
 28363 | D:12     | Noticed Josephine
 28369 | D:12     | Killed Josephine
 28570 | D:12     | Noticed Maurice
 28575 | D:12     | Killed Maurice
 28849 | Lair:1   | Learned a level 4 spell: Condensation Shield
 29057 | D:12     | Found a staircase to the Orcish Mines.
 29233 | Orc:1    | Entered Level 1 of the Orcish Mines
 29538 | Orc:1    | Found a runed door.
 29591 | Orc:1    | Offered knowledge of Conjure Ball Lightning by Vehumet.
 30448 | Orc:1    | Found a roughly hewn altar of Beogh.
 30514 | Orc:2    | Noticed Snorg
 30518 | Orc:2    | Noticed Rupert
 30521 | Orc:2    | Killed Snorg
 30698 | Orc:2    | Found a burning altar of Makhleb.
 30739 | Orc:2    | Killed Rupert
 31359 | Orc:2    | Reached ****** piety under Vehumet
 31363 | Orc:2    | Found a roughly hewn altar of Beogh.
 31819 | Orc:3    | Found Giqiekleaju's Food Shoppe.
 31943 | Orc:3    | Offered knowledge of Poisonous Cloud by Vehumet.
 32439 | Orc:4    | Entered Level 4 of the Orcish Mines
 32439 | Orc:4    | Found a staircase to the Elven Halls.
 32475 | Orc:4    | Found Qoatir's Food Boutique.
 32902 | Orc:4    | Learned a level 6 spell: Poisonous Cloud
 32995 | Orc:4    | Reached skill level 19 in Conjurations
 33226 | Orc:4    | Found Xiethraoz's Magic Scroll Emporium.
 33228 | Orc:4    | Found Cuilithest's Jewellery Shoppe.
 33497 | Orc:4    | Found Lothrum's Jewellery Shop.
 33759 | Orc:3    | Offered knowledge of Ozocubu's Refrigeration by Vehumet.
 34268 | Orc:4    | Found Qummegu's General Store.
 34375 | Orc:4    | Bought a potion of cure mutation for 420 gold pieces
 34375 | Orc:4    | Bought an uncursed ring of see invisible for 180 gold pieces
 34385 | Orc:4    | Bought a +2 ring of dexterity for 97 gold pieces
 34385 | Orc:4    | Bought an uncursed amulet of clarity for 260 gold pieces
 34673 | D:5      | Bought a scroll of acquirement for 728 gold pieces
 34673 | D:5      | Bought a potion of magic for 112 gold pieces
 34961 | Elf:1    | Entered Level 1 of the Elven Halls
 35470 | Elf:1    | Reached XP level 16. HP: 86/86 MP: 21/33
 36566 | Elf:2    | Offered knowledge of Poison Arrow by Vehumet.
 36878 | Elf:2    | Found a runed gate.
 36878 | Elf:2    | Found a runed gate.
 36879 | Elf:2    | Found a runed gate.
 37145 | Elf:2    | HP: 2/86 [deep elf knight/arrow (18)]
 37688 | Elf:2    | Reached skill level 20 in Conjurations
 39217 | Spider:1 | Entered Level 1 of the Spider Nest
 39231 | Spider:1 | Noticed Aizul
 39239 | Spider:1 | Killed Aizul
 39333 | Lair:6   | Gained mutation: You are mostly covered in icy blue scales (AC +3, EV -1). [mutagenic meat]
 39334 | Lair:6   | Gained mutation: You are surrounded by a mild repulsion field (EV +2). [mutagenic meat]
 40153 | Spider:1 | Offered knowledge of Iron Shot by Vehumet.
 40161 | Spider:1 | Learned a level 6 spell: Iron Shot
 40427 | Spider:1 | Reached XP level 17. HP: 69/90 MP: 17/35
 40953 | Spider:1 | Reached skill level 10 in Fire Magic
 42548 | Spider:2 | Offered knowledge of Fire Storm by Vehumet.
 42548 | Spider:2 | Offered knowledge of Glaciate by Vehumet.
 42548 | Spider:2 | Offered knowledge of Tornado by Vehumet.
 43352 | Spider:2 | Reached skill level 21 in Conjurations
 44213 | Spider:2 | Lost mutation: You are weak. (Str -2) [mutagenic meat]
 44214 | Spider:2 | Gained mutation: One of your tentacles bears a nasty spike. [mutagenic meat]
 44639 | Spider:2 | Lost mutation: Scrolls take you a little longer to read. [potion of cure mutation]
 44639 | Spider:2 | Lost mutation: You are agile. (Dex +2) [potion of cure mutation]
 44639 | Spider:2 | Lost mutation: One of your tentacles bears a nasty spike. [potion of cure mutation]
 44639 | Spider:2 | Lost mutation: One of your tentacles bears a spike. [potion of cure mutation]
 44639 | Spider:2 | Lost mutation: You can breathe flames. [potion of cure mutation]
 44639 | Spider:2 | Lost mutation: You are mostly covered in icy blue scales (AC +3, EV -1). [potion of cure mutation]
 44640 | Spider:2 | Gained mutation: Your mind is acute. (Int +2) [potion of beneficial mutation]
 44824 | Lair:1   | Gained mutation: You evolve. [potion of beneficial mutation]
 44991 | Spider:2 | Reached skill level 15 in Spellcasting
 46017 | Spider:3 | Got a warped flail
 46060 | Spider:3 | Identified the +6 flail of Grace {holy, Str+4 Dex-3} (You found it on level 3 of the Spider Nest)
 47067 | Spider:4 | Entered Level 4 of the Spider Nest
 47085 | Spider:4 | Reached XP level 18. HP: 94/96 MP: 37/37
 47107 | Spider:3 | HP: 4/96 [emperor scorpion (10)]
 47107 | Spider:3 | Slain by an emperor scorpion

Action                   |  1- 3 |  4- 6 |  7- 9 | 10-12 | 13-15 | 16-18 || total
-------------------------+-------+-------+-------+-------+-------+-------++-------
Melee: Unarmed           |    18 |       |       |       |       |       ||    18
       Spear             |    36 |    17 |       |       |       |       ||    53
       Quarterstaff      |       |    18 |    31 |       |       |       ||    49
       Mace              |       |       |       |    24 |    16 |       ||    40
 Cast: Magic Dart        |    35 |    49 |    98 |   314 |   701 |   190 ||  1387
       Searing Ray       |       |    11 |    40 |    64 |   100 |    27 ||   242
       Iskenderun's Batt |       |       |     6 |    95 |   214 |   120 ||   435
       Dazzling Spray    |       |       |     7 |    31 |    16 |       ||    54
       Bolt of Fire      |       |       |       |    20 |   106 |   112 ||   238
       Freezing Cloud    |       |       |       |       |    87 |    47 ||   134
       Fireball          |       |       |       |       |     2 |       ||     2
       Poisonous Cloud   |       |       |       |       |    19 |   109 ||   128
       Condensation Shie |       |       |       |       |     7 |    28 ||    35
       Iron Shot         |       |       |       |       |       |    23 ||    23
Evoke: Wand              |       |       |       |     4 |       |       ||     4
  Use: Scroll            |       |    12 |       |    13 |    15 |     7 ||    47
       Potion            |       |     2 |     1 |     1 |     2 |     9 ||    15
 Stab: Sleeping          |     5 |     2 |       |       |     1 |       ||     8
       Distracted        |     1 |       |       |       |       |       ||     1
       Invisible         |       |       |     1 |     2 |     2 |       ||     5
  Eat: Chunk             |     2 |     7 |    21 |    32 |    88 |    32 ||   182
       Meat ration       |       |       |       |     2 |     2 |     2 ||     6
       Beef jerky        |       |       |       |     1 |     7 |     2 ||    10
       Pizza             |       |       |       |     6 |     1 |     1 ||     8
       Fruit             |       |       |       |       |     2 |     5 ||     7
       Bread ration      |       |       |       |       |     1 |     3 ||     4
